 Dungeon Crawl Stone Soup version 0.17.1-1-g73c8601 (webtiles) character file.

352 Andry07 the Shield-Bearer (level 6, 0/32 HPs)
             Began as a Vine Stalker Fighter on Dec 27, 2015.
             Succumbed to Edmund's poison
             ... on level 6 of the Dungeon.
             The game lasted 00:06:36 (2415 turns).

Andry07 the Shield-Bearer (Vine Stalker Fighter)    Turns: 2415, Time: 00:06:36

Health: 0/32       AC:  7    Str: 25    XL:     6   Next: 62%
Magic:  3/7        EV:  8    Int:  8    God:
Gold:   329        SH: 11    Dex: 14    Spells: 0 memorised, 5 levels left

rFire  . . .     SeeInvis .     a - +0 long sword
rCold  . . .     Clarity  .     b - +0 scale mail
rNeg   . . .     SustAt   .     c - +0 shield
rPois  .         Gourm    .     (no helmet)
rElec  .         Spirit   +     n - +0 cloak
rCorr  .         Warding  .     (no gloves)
rMut   .         Stasis   .     (no boots)
MR     .....                    (no amulet)
Stlth  ..........               (no ring)
                                (no ring)

@: mighty, lethally poisoned (0 -> -6), not resistant to hostile enchantments,
extremely unstealthy
A: fangs 2, regeneration 2, magic shield, antimagic bite, no device heal 3, rot
immunity
a: no special abilities


You were on level 6 of the Dungeon.
You were hungry.

You visited 1 branch of the dungeon, and saw 6 of its levels.

You collected 329 gold pieces.

Inventory:

Hand Weapons
 a - a +0 long sword (weapon)
Armour
 b - a +0 scale mail (worn)
 c - a +0 shield (worn)
 n - a +0 cloak (worn)
Scrolls
 i - 4 scrolls of identify {unknown}
 j - a scroll of fear {unknown}
 m - a scroll of remove curse {unknown}
 p - 2 scrolls of recharging {unknown}
 r - 2 scrolls of enchant weapon {unknown}
 s - a scroll of teleportation {unknown}
Potions
 g - 3 potions of haste {unknown}
 k - 5 potions of flight {unknown}
 l - a potion of beneficial mutation {unknown}
 o - a potion of cancellation {unknown}
 q - a potion of invisibility {unknown}
Comestibles
 e - 4 bread rations
 f - 2 beef jerkies
 h - a slice of pizza
 u - 2 royal jellies


   Skills:
 - Level 2.6 Fighting
 - Level 1.7 Long Blades
 - Level 2.4 Armour
 * Level 6.6 Shields


You had 5 spell levels left.
You didn't know any spells.

Dungeon Overview and Level Annotations

Branches:
Dungeon (6/15)
 Temple: D:4-7

Altars:
Kikubaaqudgha
Nemelex Xobeh
Okawaru

Annotations:
D:5 Menkaure
D:6 Edmund


Innate Abilities, Weirdness & Mutations

You have extremely sharp teeth.
You heal very quickly.
When hurt, damage is shared between your health and your magic reserves.
Your bite disrupts and absorbs the magic of your enemies.
Potions and wands cannot restore your health.
You are immune to rotting.


Message History

* * * LOW HITPOINT WARNING * * *
You feel sick.
* * * LOW HITPOINT WARNING * * *
You feel sick.
There is a stone staircase leading down here.
You can't go up here!
* * * LOW HITPOINT WARNING * * *
You feel sick. You block Edmund's attack.
You climb downwards.
A giant frog comes into view.
* * * LOW HITPOINT WARNING * * *
You feel sick.
There is a stone staircase leading up here.
Drink which item? (? for menu, Esc to quit)
You feel very mighty all of a sudden.
* * * LOW HITPOINT WARNING * * *
You feel sick. Edmund hits you but does no damage.
You hit Edmund. You bite Edmund, but do no damage.
Edmund is heavily wounded.
You die...

### #..##
#....#
##.....#
#@F....#
#.@.....#
.........#
#........##
#........#
........##
##.....###
###..##


You could see Edmund and a giant frog.

Vanquished Creatures
  A black bear (D:4)
  A scorpion (D:3)
  An orc priest (D:4)
  A worker ant (D:4)
  A hound skeleton (D:5)
  4 adders
  4 oozes
  2 worms (D:2)
  4 giant geckos
  4 orcs
  8 bats
  6 giant cockroaches
  13 hobgoblins
  A ball python (D:2)
  3 giant newts
  7 goblins
  7 kobolds
  A quokka skeleton (D:4)
  15 rats
84 creatures vanquished.

Notes
Turn   | Place    | Note
--------------------------------------------------------------
     0 | D:1      | Andry07 the Vine Stalker Fighter began the quest for the Orb.
     0 | D:1      | Reached XP level 1. HP: 11/11 MP: 2/2
    45 | D:1      | Reached skill level 3 in Shields
    45 | D:1      | Reached XP level 2. HP: 16/16 MP: 3/3
   187 | D:1      | Reached XP level 3. HP: 19/19 MP: 4/4
   497 | D:1      | Reached skill level 4 in Shields
   813 | D:2      | Reached XP level 4. HP: 23/23 MP: 5/5
   882 | D:2      | Found a sparkling altar of Nemelex Xobeh.
  1331 | D:3      | Found an iron altar of Okawaru.
  1405 | D:3      | Reached skill level 5 in Shields
  1425 | D:3      | Reached XP level 5. HP: 22/27 MP: 4/6
  1453 | D:3      | Found an ancient bone altar of Kikubaaqudgha.
  2031 | D:4      | Reached skill level 6 in Shields
  2031 | D:4      | Gained mutation: You heal very quickly. [Vine Stalker growth]
  2031 | D:4      | Reached XP level 6. HP: 23/32 MP: 5/7
  2112 | D:4      | Noticed a black bear
  2121 | D:4      | Killed a black bear
  2269 | D:4      | Noticed an ogre
  2298 | D:5      | Entered Level 5 of the Dungeon
  2388 | D:5      | Noticed Menkaure
  2389 | D:5      | Noticed Edmund
  2414 | D:6      | HP: 1/32 [poisoned by Edmund]
  2415 | D:6      | Succumbed to Edmund's poison

Action                   |  1- 3 |  4- 6 || total
-------------------------+-------+-------++-------
Melee: Long sword        |   127 |   171 ||   298
  Use: Potion            |       |     1 ||     1
  Eat: Chunk             |       |     5 ||     5
